 Dungeon Crawl Stone Soup version 0.28.0 (webtiles) character file.

Game seed: 18228355802281416329

729219 sasquatch the Pyromancer (level 27, -24/282 HPs)
             Began as a Demonspawn Ice Elementalist on Feb 8, 2022.
             Was the Champion of Sif Muna.
             Annihilated by an apis (34 damage)
             ... in Pandemonium on Feb 9, 2022.
             The game lasted 05:49:49 (86141 turns).

sasquatch the Pyromancer (DsIE)                    Turns: 86141, Time: 05:49:50

Health: -24/282    AC: 13    Str: 19    XL:     27
Magic:  0/46       EV: 17    Int: 37    God:    Sif Muna [******]
Gold:   4981       SH: 15    Dex: 18    Spells: 3/64 levels left

rFire   + + .      SeeInvis +   N - +4 spear of the Hungering Genius {vorpal, rPois rC+++ rCorr Str-5}
rCold   + + .      Faith    .   p - +1 kite shield {rN+}
rNeg    + . .      Spirit   +   U - +2 robe {rF+}
rPois   +          Reflect  .   M - +2 hat {Will+}
rElec   +          Harm     +   l - scarf {repulsion}
rCorr   +          Rampage  .   (gloves unavailable)
Will    ++++.                   K - +2 pair of boots {Stlth+}
Stlth   +++.......              T - amulet "Qohitun" {RegenMP Harm Int+2}
HPRegen 0.57/turn               v - ring of Division {Wiz Contam Str+6 Int+8 Dex+2}
MPRegen 1.00/turn               B - ring "Sesaaba" {Fire Contam rElec Str+8 SInv}

@: about to teleport, marked, hasted, glowing, studying 5 skills, repel
missiles, very quick
A: slimy green scales 3, demonic guardian 3, robust 3, magic shield, magic
regeneration, magic link, demonic touch 3, strong-willed 1, mutation resistance
1, poison resistance
}: 5/15 runes: barnacled, slimy, silver, abyssal, gossamer
a: Renounce Religion, Channel Magic, Forget Spell, Divine Exegesis


You were in Pandemonium.
You worshipped Sif Muna.
Sif Muna was exalted by your worship.
You visited 12 branches of the dungeon, and saw 55 of its levels.
You visited Pandemonium 1 time, and saw 6 of its levels.
You visited the Abyss 3 times.
You visited 1 bazaar.
You visited 1 ziggurat, and saw 15 of its levels.
You also visited: Ossuary, Bailey, Ice Cave and Wizlab.

You collected 10531 gold pieces.
You spent 5550 gold pieces at shops.

Inventory:

Hand Weapons
 w - the +6 hand crossbow of the Hierophant {speed, rElec rF+}
   (You found it on level 3 of the Vaults)

   Attacks with this weapon are significantly faster.
   rF:        It protects you from fire.
   rElec:     It insulates you from electricity.
 N - the +4 spear of the Hungering Genius (weapon) {vorpal, rPois rC+++ rCorr Str-5}
   (You bought it in a shop on level 2 of the Shoals)

   It inflicts extra damage upon your enemies.
   Str:       It affects your strength (-5).
   rC:        It renders you almost immune to cold.
   rPois:     It protects you from poison.
   rCorr:     It protects you from acid and corrosion.
Armour
 l - a scarf of repulsion (worn)
 p - a +1 kite shield of positive energy (worn)
 x - a scarf of resistance
 E - the +0 helmet "Efitwoke" {Fly rPois Int+2 SInv}
   (You acquired it on level 4 of the Realm of Zot)

   Int:       It affects your intelligence (+2).
   rPois:     It protects you from poison.
   SInv:      It lets you see invisible.
   Fly:       It grants you flight.
 K - a +2 pair of boots of stealth (worn)
 M - a +2 hat of willpower (worn)
 S - the +2 ratskin cloak {*Rats rPois rN+ Str-1 Int-1 Dex+1}
   (You found it on level 1 of the Lair of Beasts)

   When the wearer is hurt, rats may emerge from it to assist them.
   Str:       It affects your strength (-1).
   Int:       It affects your intelligence (-1).
   Dex:       It affects your dexterity (+1).
   rPois:     It protects you from poison.
   rN:        It protects you from negative energy.
 U - a +2 robe of fire resistance (worn)
Magical Staves
 A - a staff of air
 J - a staff of fire
 O - a staff of cold
 V - a staff of conjuration
Jewellery
 g - the ring of Usuqadawni {Will+ MP+9 AC+4 SInv}
   (You found it on level 3 of the Elven Halls)

   [ring of protection]

   AC:        It affects your AC (+4).
   MP:        It affects your magic capacity (+9).
   SInv:      It lets you see invisible.
   Will:      It increases your willpower.
 u - the ring "Ipoav" {Ice rN+ Int+6 Stlth+}
   (You took it off a fire giant in a wizard's laboratory)

   [ring of ice]

   It enhances your ice magic.
   Int:       It affects your intelligence (+6).
   rF:        It makes you vulnerable to fire.
   rC:        It protects you from cold.
   rN:        It protects you from negative energy.
   Stlth:     It makes you more stealthy.
 v - the ring of Division (left hand) {Wiz Contam Str+6 Int+8 Dex+2}
   (You found it on level 5 of the Vaults)

   [ring of wizardry]

   It improves your spell success rate.
   Str:       It affects your strength (+6).
   Int:       It affects your intelligence (+8).
   Dex:       It affects your dexterity (+2).
   Contam:    It causes magical contamination when unequipped.
 B - the ring "Sesaaba" (right hand) {Fire Contam rElec Str+8 SInv}
   (You found it on level 5 of the Pits of Slime)

   [ring of fire]

   It enhances your fire magic.
   Str:       It affects your strength (+8).
   rF:        It protects you from fire.
   rC:        It makes you vulnerable to cold.
   rElec:     It insulates you from electricity.
   SInv:      It lets you see invisible.
   Contam:    It causes magical contamination when unequipped.
 D - an amulet of regeneration
 H - a ring of flight
 L - the ring "Mytoebom" {rF+ Will+}
   (You bought it in a shop on level 1 of the Depths)

   [ring of protection from fire]

   rF:        It protects you from fire.
   Will:      It increases your willpower.
 Q - the ring of Kaellode {rC+ rN++ Will+ MP+9 Int-4}
   (You acquired it on level 9 of a ziggurat)

   [ring of protection from cold]

   Int:       It affects your intelligence (-4).
   rC:        It protects you from cold.
   rN:        It greatly protects you from negative energy.
   MP:        It affects your magic capacity (+9).
   Will:      It increases your willpower.
 T - the amulet "Qohitun" (around neck) {RegenMP Harm Int+2}
   (You found it on level 6 of the Lair of Beasts)

   [amulet of magic regeneration]

   It increases your rate of magic regeneration.
   Int:       It affects your intelligence (+2).
   Harm:      It increases damage dealt and taken.
Wands
 a - a wand of iceblast (32)
 y - a wand of digging (1)
Scrolls
 b - 14 scrolls of teleportation
 f - 4 scrolls of silence
 i - 4 scrolls of fear
 j - 17 scrolls of fog
 k - 7 scrolls of amnesia
 m - 2 scrolls of summoning
 s - a scroll of blinking
 z - 8 scrolls of enchant armour
 P - 3 scrolls of magic mapping
 Y - a scroll of brand weapon
Potions
 c - 9 potions of magic
 d - 5 potions of heal wounds
 e - 4 potions of berserk rage
 h - 8 potions of lignification
 n - 5 potions of cancellation
 o - 9 potions of flight
 r - 9 potions of haste
 t - 13 potions of mutation
 C - 14 potions of might
 F - 22 potions of curing
 G - 13 potions of attraction
 I - 4 potions of resistance
 W - 10 potions of ambrosia
 X - 3 potions of invisibility
 Z - 10 potions of brilliance


   Skills:
 - Level 18.0 Fighting
 - Level 10.0 Dodging
 - Level 10.0 Stealth
 - Level 15.0 Shields
 + Level 19.4 Spellcasting
 - Level 24.0 Conjurations
 - Level 6.0 Transmutations
 - Level 25.0 Fire Magic
 - Level 13.6 Ice Magic
 - Level 10.0 Air Magic
 + Level 22.3 Earth Magic
 - Level 12.0 Invocations


You had 3 spell levels left.
You knew the following spells:

 Your Spells              Type           Power      Damage    Failure   Level
a - Polar Vortex          Ice            47%        N/A       88%         9
b - Lehudib's Crystal Sp  Conj/Erth      59%        10d14     1%          8
d - Hailstorm             Conj/Ice       100%       3d20      0%          4
e - Shatter               Erth           58%        3d43*     6%          9
f - Swiftness             Air            83%        N/A       1%          3
h - Ignition              Fire           73%        3d19      1%          8
i - Irradiate             Conj/Tmut      49%        3d30      1%          5
j - Starburst             Conj/Fire      72%        6d19      0%          6
k - Fire Storm            Conj/Fire      72%        8d18      2%          9

Your spell library contained the following spells:

 Spells                   Type           Power      Damage    Failure   Level
 Foxfire                  Conj/Fire      100%       2x1d9     0%          1
 Freeze                   Ice            100%       1d11      0%          1
 Magic Dart               Conj           100%       1d8       0%          1
 Sandblast                Erth           100%       2d20      0%          1
 Shock                    Conj/Air       100%       1d9       0%          1
 Passwall                 Tmut/Erth      80%        N/A       0%          2
 Scorch                   Fire           100%       2d10      0%          2
 Searing Ray              Conj           100%       2d8       0%          2
 Static Discharge         Conj/Air       100%       N/A       0%          2
 Conjure Flame            Conj/Fire      100%       6-21      0%          3
 Frozen Ramparts          Ice            100%       1d12      0%          3
 Ozocubu's Armour         Ice            95%        N/A       0%          3
 Stone Arrow              Conj/Erth      100%       3d13      0%          3
 Animate Skeleton         Necr           72%        N/A       1%          1
 Apportation              Tloc           72%        N/A       1%          1
 Beastly Appendage        Tmut           100%       N/A       1%          1
 Pain                     Necr           100%       1d9       1%          1
 Slow                     Hex            100%       N/A       1%          1
 Sting                    Tmut/Pois      100%       1d8       1%          1
 Summon Small Mammal      Summ           100%       N/A       1%          1
 Blink                    Tloc           72%        N/A       1%          2
 Call Imp                 Summ           36%        N/A       1%          2
 Corpse Rot               Necr/Air       100%       N/A       1%          2
 Ensorcelled Hibernation  Hex/Ice        100%       N/A       1%          2
 Poisonous Vapours        Pois/Air       100%       N/A       1%          2
 Sublimation of Blood     Necr           36%        N/A       1%          2
 Wereblood                Tmut           69%        N/A       1%          2
 Call Canine Familiar     Summ           36%        N/A       1%          3
 Confusing Touch          Hex            36%        N/A       1%          3
 Dazzling Flash           Conj/Hex       100%       N/A       1%          3
 Gell's Gravitas          Tloc           36%        N/A       1%          3
 Ignite Poison            Fire/Tmut/Pois 100%       N/A       1%          3
 Inner Flame              Hex/Fire       100%       N/A       1%          3
 Lesser Beckoning         Tloc           36%        N/A       1%          3
 Mephitic Cloud           Conj/Pois/Air  88%        N/A       1%          3
 Portal Projectile        Hex/Tloc       72%        N/A       1%          3
 Spider Form              Tmut/Pois      55%        N/A       1%          3
 Summon Guardian Golem    Hex/Summ       36%        N/A       1%          3
 Teleport Other           Tloc           36%        N/A       1%          3
 Tukima's Dance           Hex            36%        N/A       1%          3
 Vampiric Draining        Necr           36%        2d8       1%          3
 Flame Wave               Conj/Fire      100%       2d17      0%          4
 Sticky Flame             Conj/Fire      100%       2d11      0%          4
 Fireball                 Conj/Fire      72%        3d27      0%          5
 Iskenderun's Battlesphe  Conj           100%       2d15      0%          5
 Lee's Rapid Deconstruct  Erth           58%        3d28*     0%          5
 Iron Shot                Conj/Erth      59%        9d11      0%          6
 Airstrike                Air            41%        N/A       1%          4
 Animate Armour           Summ/Erth      100%       N/A       1%          4
 Fulminant Prism          Conj/Hex       45%        3d21      1%          4
 Ice Form                 Ice/Tmut       83%        N/A       1%          4
 Iskenderun's Mystic Bla  Conj/Tloc      90%        2d18      1%          4
 Leda's Liquefaction      Hex/Erth       43%        N/A       1%          4
 Petrify                  Tmut/Erth      96%        N/A       1%          4
 Summon Ice Beast         Ice/Summ       72%        N/A       1%          4
 Summon Lightning Spire   Summ/Air       64%        N/A       1%          4
 Blade Hands              Tmut           34%        N/A       1%          5
 Borgnjor's Vile Clutch   Necr/Erth      43%        N/A       1%          5
 Freezing Cloud           Conj/Ice/Air   50%        6-21      1%          5
 Lightning Bolt           Conj/Air       52%        1d73      1%          5
 Metabolic Englaciation   Hex/Ice        36%        N/A       1%          5
 Silence                  Hex/Air        32%        N/A       1%          5
 Conjure Ball Lightning   Conj/Air       52%        3x3d18    1%          6
 Statue Form              Tmut/Erth      64%        N/A       1%          6
 Orb of Destruction       Conj           59%        9d14      1%          7
 Ozocubu's Refrigeration  Ice            47%        4d14      1%          7
 Spellforged Servitor     Conj/Summ      45%        N/A       3%          7
 Alistair's Intoxication  Tmut/Pois      36%        N/A       4%          5
 Yara's Violent Unravell  Hex/Tmut       27%        3d12      4%          5
 Simulacrum               Ice/Necr       36%        N/A       5%          6
 Anguish                  Hex/Necr       18%        N/A       6%          4
 Animate Dead             Necr           18%        N/A       6%          4
 Cause Fear               Hex            18%        N/A       6%          4
 Dispel Undead            Necr           36%        3d15      6%          4
 Olgreb's Toxic Radiance  Pois           36%        N/A       6%          4
 Passage of Golubria      Tloc           36%        N/A       6%          4
 Agony                    Necr           36%        N/A       16%         5
 Excruciating Wounds      Necr           18%        N/A       16%         5
 Manifold Assault         Tloc           36%        N/A       16%         5
 Summon Forest            Summ/Tloc      18%        N/A       16%         5
 Summon Mana Viper        Hex/Summ       36%        N/A       16%         5
 Storm Form               Tmut/Air       38%        N/A       17%         7
 Eringya's Noxious Bog    Tmut/Pois      27%        N/A       26%         6
 Dragon Form              Tmut           34%        N/A       38%         7
 Chain Lightning          Conj/Air       52%        3d69      45%         9
 Maxwell's Capacitive Co  Air            41%        ∞         50%         8
 Death Channel            Necr           18%        N/A       61%         6
 Dispersal                Tloc           18%        N/A       61%         6
 Summon Cactus Giant      Summ           18%        N/A       61%         6
 Enfeeble                 Hex            18%        N/A       99%         7
 Haunt                    Necr/Summ      18%        N/A       99%         7
 Malign Gateway           Summ/Tloc      18%        N/A       99%         7
 Monstrous Menagerie      Summ           18%        N/A       99%         7
 Summon Hydra             Summ           18%        N/A       99%         7
 Borgnjor's Revivificati  Necr           18%        N/A       100%        8
 Discord                  Hex            18%        N/A       100%        8
 Disjunction              Tloc           18%        N/A       100%        8
 Infestation              Necr           18%        N/A       100%        8
 Necromutation            Tmut/Necr      27%        N/A       100%        8
 Summon Horrible Things   Summ           18%        N/A       100%        8
 Death's Door             Necr           18%        N/A       100%        9
 Dragon's Call            Summ           18%        N/A       100%        9


Dungeon Overview and Level Annotations

Branches:
Dungeon (15/15)            Temple (1/1) D:4            Lair (6/6) D:11
 Shoals (4/4) Lair:3       Spider (4/4) Lair:3        Slime (5/5) Lair:6
    Orc (2/2) D:12            Elf (3/3) Orc:2        Vaults (5/5) D:14
  Crypt (0/3) Vaults:2     Depths (4/4) D:15           Hell (visited)
    Dis (0/7) Hell            Geh (0/7) Hell            Coc (0/7) Hell
    Tar (0/7) Hell            Zot (5/5) Depths:4    Ossuary (visited)
 Bailey (visited)           IceCv (visited)          WizLab (visited)

Altars:
Dithmenos
Elyvilon
Fedhas
Gozag
Hepliaklqana
Kikubaaqudgha
Nemelex Xobeh
Okawaru
Qazlal
Ru
Sif Muna
Trog
Vehumet
Xom
Yredelemnul
Zin
The Shining One
Jiyva

Shops:
D:8 ?   D:10 [   D:12 (   D:14 [   D:15 [   Orc:2 *:[(   Elf:1 *   Shoals:1 *
Shoals:2 (   Shoals:3 [   Shoals:4 (   Vaults:4 *   Depths:1 !=**   Depths:3 =

Portals:
Hell: Depths:1 Depths:2 Depths:3 Depths:4
Abyss: Depths:1 Depths:3 Depths:4
Pandemonium: Depths:2 Depths:3

Annotations:
D:5 1 transporter, fragbeetle's ghost, amateur HOFi
Elf:2 3 runed translucent doors
Elf:3 3 runed translucent doors, Qiokh's ghost, veteran MiBe; Roxanne
Vaults:3 exclusion: orange crystal statue
Zot:1 2 transporters, exclusion: orange crystal statue, Flapstick's ghost, legendary HaBe; Sebriys's ghost, legendary TrBe; Xill's ghost, veteran MiMo


Innate Abilities, Weirdness & Mutations

You are completely covered in slimy green scales. (AC +4, rPois)
A powerful demonic guardian rushes to your aid.
You are extremely robust. (+30% HP)
When hurt, damage is shared between your health and your magic reserves.
You regenerate magic rapidly.
When low on magic, you restore magic in place of health.
Your touch may irresistibly damage your foes and sap their willpower.
You are strong-willed. (Will+)
You are somewhat resistant to further mutation.
Your system is resistant to poisons. (rPois)


Message History

The Shining One smites you!
* * * LOW HITPOINT WARNING * * *
Unknown command.
Blink to where?
Press: ? - help, Dir - move target An ophan and an apis come into view.
As you read the scroll of blinking, it crumbles to dust.
Unknown command.
Casting: Lehudib's Crystal Spear (mildly dangerous; 1% risk of failure)
Confirm with . or Enter, or press ? or * to list all spells.
You don't have enough magic to cast this spell.
Unknown command.
A daeva and an angel come into view.
The daeva is wielding a +5 scimitar of holy wrath.
The angel is wielding a +1 whip of holy wrath.
Your Hell Sentinel hits the angel but does no damage.
Your Hell Sentinel hits the angel!!
The daeva calls down the wrath of the Shining One upon you.
The Shining One smites you!
* * * LOW HITPOINT WARNING * * *
A demonic guardian appears!
Unknown command.
Unknown command.
Unknown command.
You feel much better.
Your Executioner misses the angel. Your Executioner hits the angel.
Your Executioner misses the angel.
A daeva comes into view.
It is wielding a +2 eudemon blade of holy wrath.
The ophan harnesses the cleansing power of fire!
The bolt of fire hits you. You resist.
* * * LOW HITPOINT WARNING * * *
The bolt of fire hits your Executioner!
Your Executioner resists.
As you read the scroll of teleportation, it crumbles to dust.
You feel strangely unstable.
The daeva calls down the wrath of the Shining One upon you.
The Shining One smites you!
* * * LOW HITPOINT WARNING * * *
The apis gores you!
* * * LOW HITPOINT WARNING * * *
The apis sears you!!
You die...

,,,,******,,,≈≈≈≈≈≈≈,,***,,,*
,,,,* *#..A≈≈≈≈≈A....,,,,*
,,,** *....≈≈≈≈≈≈Y...,,,* ,,,**
**...≈≈≈≈≈≈≈...,,,** ,,,,*
*#..≈≈≈≈≈≈≈≈≈.....# ,,,,*
##..)≈≈≈≈≈≈≈≈≈....# ,,,,**
#.....≈≈≈≈≈≈≈≈≈...# ,,,,,**
##..Y..≈≈≈≈≈≈≈≈≈..# ,,,,,,***
*#...1@..§§G≈≈≈≈≈≈.#
,,,,,,^,**#...A##....≈≈≈≈≈≈≈≈##
,,,,*,,,,.....**##.....≈≈≈≈≈≈≈#
*,..##,,,....,,**##A1...≈≈≈≈≈≈#
#,....,,,...,,,.##........≈≈≈≈#
#...G.,,,..,,,,.............≈≈#
#....##############.#..##..####
...#,#......#....###...#*..#
..##.#..##.....#..###.§#,..#


You could see 2 apis, 2 daevas, 2 angels, a friendly Hell Sentinel (summoned)
and a friendly Executioner (summoned).

Vanquished Creatures
  the Royal Jelly (Slime:5)
  5 dread liches
  8 ancient liches
  5 orbs of fire
  Sojobo (Vaults:3)
  The ghost of Muataran the Slayer, a veteran MiMo of Yredelemnul (Zot:4)
  2 shard shrikes (Zot:4)
  Boris (twice) (Depths:3 Depths:4)
  6 caustic shrikes
  Geryon (Hell)
  3 Killer Klowns
  13 golden dragons
  Jory (Depths:4)
  A profane servitor (Abyss:2)
  Arachne (Spider:3)
  2 bone dragons (Depths:4)
  A pearl dragon (Pan)
  2 hellephants (Zig:12)
  3 electric golems
  Rupert (Lair:3)
  An iron giant (Zig:10)
  3 pandemonium lords
  21 tentacled monstrosities
  7 Hell Sentinels
  2 Brimstone Fiends (Zig:12)
  A tainted leviathan (Hell)
  4 Ice Fiends
  25 Orb Guardians (Zot:5)
  Mlioglotl (Spider:2)
  5 liches
  A shard shrike skeleton (Abyss:3)
  2 searing wretches (Zig:12)
  Asterion (Vaults:3)
  3 titans
  9 quicksilver dragons
  3 deep elf master archers (Elf:3)
  17 acid blobs
  An ancient champion (Zig:10)
  A sphinx (shapeshifter) (Depths:4)
  8 Executioners
  5 deep elf blademasters
  11 death cobs
  6 sphinxes
  8 tentacled starspawn
  24 storm dragons
  11 tengu reavers
  Kirke (Spider:3)
  2 demonspawn warmongers (Pan)
  A revenant (Vaults:2)
  5 draconian monks
  7 azure jellies
  8 rockslimes
  11 daevas (Pan)
  2 quicksilver elementals
  8 draconian knights
  11 shadow dragons
  6 emperor scorpions
  A frost giant (shapeshifter) (Vaults:5)
  7 draconian shifters
  24 vault wardens
  2 iron dragons
  11 fire giants
  4 orc warlords (Orc:2)
  15 frost giants
  3 draconian scorchers
  Aizul (Vaults:1)
  A cacodemon (Pan)
  6 deep elf sorcerers
  7 balrugs
  6 draconian stormcallers
  6 deep elf elementalists
  13 ghost moths
  13 draconian annihilators
  12 quicksilver oozes
  13 angels
  A quicksilver ooze (shapeshifter) (Vaults:5)
  10 ophanim (Pan)
  20 ironbound preservers
  2 demonspawn corrupters
  17 stone giants
  A juggernaut skeleton (Depths:3)
  4 vampire knights
  3 reapers
  An eleionoma (Zig:14)
  The ghost of MolotovDodgeball the Brawler, a journeyman TrBr of Ru (Lair:6)
  8 war gargoyles
  10 ironbound thunderhulks
  28 very ugly things
  3 demonspawn black suns (Zot:4)
  Nessos (Orc:2)
  4 lorocyprocas
  8 yellow draconians
  20 black draconians
  4 deep elf demonologists
  13 apis (Pan)
  A bunyip (Zig:14)
  7 green draconians
  5 putrid mouths (Hell)
  16 dire elephants
  7 deep elf annihilators
  8 entropy weavers
  4 spark wasps
  6 purple draconians
  A wendigo (Hell)
  Snorg (Orc:2)
  The ghost of Feulaj the Severer, a journeyman MiBe of Trog (Lair:3)
  13 red draconians
  14 ettins
  8 green deaths
  18 white draconians
  7 iron golems
  2 crystal guardians (Vaults:4)
  4 deep elf death magi
  3 merfolk javelineers
  13 yaktaur captains
  A great orb of eyes (shapeshifter) (Zig:15)
  Josephine (D:14)
  2 blizzard demons
  13 merfolk impalers
  A shambling mangrove (Zig:14)
  19 great orbs of eyes
  2 rakshasas
  Fannar (Lair:3)
  3 deep elf high priests
  5 fire dragons
  4 hell beasts
  6 ice dragons
  A salamander tyrant (WizLab)
  8 peacekeepers
  33 vault guards
  The ghost of Ekaitz the Arsonist, a journeyman DsFE of Sif Muna (D:12)
  3 jorogumos
  A quicksilver dragon skeleton (Depths:3)
  15 hydras
  7 boulder beetles
  2 alligator snapping turtles (Shoals:3)
  5 merfolk avatars
  2 ogre magi
  9 ironbound frosthearts
  23 dancing weapons
  A satyr (Shoals:4)
  14 centaur warriors
  A death knight (D:11)
  7 two-headed ogres
  11 death yaks
  9 deep troll shamans
  A stoker (Zig:12)
  6 merfolk aquamancers
  A titan zombie (Depths:3)
  7 deep troll earth magi
  5 tengu warriors (Depths:2)
  5 spriggan berserkers
  5 spriggans
  2 thrashing horrors
  A vampire mage (Vaults:2)
  3 soul eaters
  9 hell hogs
  Nergalle (D:11)
  A crystal echidna (Zig:10)
  4 orc high priests (Orc:2)
  12 deep elf knights
  16 hell knights
  7 pharaoh ants
  13 sun demons
  A skeletal warrior (D:11)
  13 sea snakes
  5 wretched stars
  A titan skeleton (Depths:3)
  A spark wasp zombie (Zig:9)
  2 fire crabs (Zig:7)
  6 iron trolls
  3 sixfirhies (Pan)
  A quicksilver dragon simulacrum (Hell)
  2 sun moths
  3 spatial maelstroms (Zig:9)
  A shadow demon (Pan)
  4 steelbarb worms
  11 cherubim (Pan)
  4 deep elf archers
  A bog body (Zig:14)
  A swamp dragon (shapeshifter) (Zig:4)
  12 orb spiders
  A glowing orange brain (shapeshifter) (Zig:15)
  5 swamp dragons (Zig:14)
  2 obsidian statues
  6 glowing orange brains
  61 deep trolls
  A death drake (Zig:14)
  A flayed ghost (Vaults:5)
  A shadow dragon zombie (Depths:2)
  2 orange crystal statues (Zig:6)
  8 wizards
  10 starcursed masses
  5 phantasmal warriors
  13 orc knights
  15 deep elf zephyrmancers
  13 lindwurms
  15 deep elf pyromancers
  19 harpies
  28 ironbound convokers
  A wolf spider (shapeshifter) (Zig:15)
  9 necromancers
  9 cyclopes
  15 manticores
  2 orc sorcerers (Orc:2)
  A human zombie (Vaults:3)
  20 wolf spiders
  45 ugly things
  A manticore (shapeshifter) (Vaults:5)
  5 shining eyes
  A will-o-the-wisp (Zig:14)
  Maurice (D:8)
  A fire giant skeleton (Vaults:3)
  An iron dragon skeleton (Depths:2)
  5 fauns
  5 elephants (Lair:3)
  37 moths of wrath
  7 merfolk sirens
  A guardian serpent (shapeshifter) (D:14)
  18 large abominations
  4 salamanders (WizLab)
  16 smoke demons
  3 ice statues
  12 torpor snails
  5 molten gargoyles
  24 vault sentinels
  3 black mambas
  2 eyes of devastation (Slime:5)
  A torpor snail (shapeshifter) (Zig:15)
  10 rust devils
  10 gargoyles
  5 water nymphs
  12 cane toads
  3 hellions
  4 orange demons
  5 efreet
  4 freezing wraiths
  7 unseen horrors
  3 rime drakes
  8 komodo dragons
  2 kobold demonologists
  A catoblepas zombie (Hell)
  5 tengu conjurers
  11 demonic crawlers
  An anaconda simulacrum (Hell)
  46 yaktaurs
  2 ice devils
  25 merfolk
  7 hellwings
  A golden dragon simulacrum (Hell)
  10 trolls
  5 ancient zymes
  A red devil (Hell)
  A wolf spider simulacrum (D:14)
  11 meliai
  A queen bee (Abyss:4)
  9 wind drakes
  2 wind drakes (shapeshifter)
  15 hornets
  8 polar bears
  A harpy skeleton (Hell)
  4 raiju (Abyss:2)
  5 tyrant leeches
  11 tarantellas
  104 slime creatures
  4 dream sheep (Shoals:3)
  19 blink frogs
  A frost giant simulacrum (Depths:3)
  A snapping turtle (shapeshifter) (Vaults:5)
  2 human simulacra
  2 fire giant simulacra (Depths:1)
  28 jumping spiders
  8 snapping turtles
  2 centaur simulacra (Hell)
  17 culicivoras
  A culicivora (shapeshifter) (Zig:15)
  2 spriggan zombies
  3 wyverns
  8 wraiths
  An air elemental (Elf:3)
  A vampire (D:12)
  7 ynoxinuls
  A spriggan (shapeshifter) (Depths:3)
  6 fire elementals
  A spriggan skeleton (Depths:2)
  23 water elementals
  A human (D:14)
  60 yaks
  4 basilisks
  7 chaos spawn
  A death yak simulacrum (Lair:1)
  3 hogs (Spider:3)
  2 neqoxecs
  A redback (shapeshifter) (Depths:2)
  3 vampire mosquitoes
  48 redbacks
  Menkaure (D:6)
  A harpy simulacrum (Hell)
  6 wargs
  A swamp worm (shapeshifter) (Vaults:5)
  An acid dragon (D:10)
  12 water moccasins
  12 small abominations
  2 hell hounds (Zig:7)
  2 ice beasts
  A sky beast (D:6)
  A floating eye (shapeshifter) (Depths:3)
  An ice dragon simulacrum (Hell)
  A black bear (D:5)
  41 orc warriors
  4 wolves (D:11)
  An ettin simulacrum (Hell)
  11 ogres
  5 boggarts (D:15)
  4 centaurs
  A phantom (D:12)
  13 kobold brigands
  8 earth elementals
  13 bullfrogs
  2 scorpions
  2 gnoll sergeants
  A naga simulacrum (Hell)
  2 cane toad simulacra (IceCv)
  6 killer bees (D:9)
  A troll zombie (D:12)
  An elephant simulacrum (IceCv)
  4 electric eels
  A bullfrog zombie (D:5)
  8 centaur zombies
  3 jellies (D:4)
  6 hounds
  12 orc priests
  An iron imp (Abyss:1)
  A centaur skeleton (D:6)
  12 human skeletons (Vaults:4)
  3 iguanas
  14 orc wizards
  2 lightning spires (WizLab)
  A polar bear simulacrum (IceCv)
  4 wolf simulacra
  6 ogre zombies (D:12)
  A hound zombie (D:5)
  A hound skeleton (D:4)
  2 howler monkey zombies
  9 gnolls
  2 howler monkey skeletons
  6 adders
  2 white imps (Abyss:2)
  An ufetubus (D:5)
  An adder skeleton (D:4)
  A worm (D:2)
  3 dart slugs
  77 orcs
  9 ball pythons
  2 endoplasms
  4 giant cockroaches
  9 goblins
  6 hobgoblins
  14 jackals
  29 kobolds
  4 quokkas
  A quokka (shapeshifter) (Vaults:5)
  6 bats
  4 frilled lizards (D:1)
  2 goblin skeletons (D:12)
  5 goblin zombies
  8 hobgoblin zombies (Ossuary)
  A jackal zombie (Ossuary)
  5 kobold zombies (Ossuary)
  3 orc skeletons (D:12)
  26 orc zombies
  4 rats
  3 rat zombies (D:4)
  6 ball lightnings (Zig:5)
  4 fire vortices
  A lurking horror (Abyss:2)
2715 creatures vanquished.

Vanquished Creatures (collateral kills)
  An ancient lich (Zot:5)
  A Killer Klown (Zot:5)
  An electric golem (WizLab)
  3 searing wretches (Zig:12)
  2 draconian knights (Zot:3)
  A ghost moth (Zot:5)
  A vault warden (Vaults:1)
  A draconian shifter (Zot:5)
  A draconian annihilator (Zot:3)
  A war gargoyle (WizLab)
  4 ironbound thunderhulks
  A dire elephant (Vaults:1)
  A yellow draconian (Zot:3)
  An entropy weaver (Spider:2)
  A fire dragon (Depths:1)
  A merfolk impaler (Shoals:3)
  A yaktaur captain (Vaults:5)
  A boulder beetle (Spider:4)
  2 sea snakes
  A flayed ghost (Depths:2)
  An orb spider (Spider:4)
  A manticore (Shoals:3)
  A torpor snail (Zig:13)
  2 yaktaurs (Vaults:1)
  A tormentor (Abyss:2)
  A freezing wraith (IceCv)
  A wind drake (Shoals:3)
  2 tarantellas
  Prince Ribbit (D:7)
  A culicivora (Spider:4)
  A shadow (D:12)
  A water elemental (D:11)
  4 redbacks
  2 orc warriors (Bailey)
  A hornet zombie (D:5)
  A phantom (D:12)
  2 elf zombies (Ossuary)
  A troll zombie (D:12)
  A human zombie (Ossuary)
  A centaur zombie (Ossuary)
  A killer bee zombie (D:8)
  2 mummies (Ossuary)
  3 gnolls (D:4)
  2 adders
  An adder zombie (Ossuary)
  A ball python (D:4)
  A bat (D:2)
  A jackal (D:4)
  A quokka (D:4)
  A goblin zombie (Ossuary)
  2 hobgoblin zombies (Ossuary)
  A kobold (D:3)
  A kobold zombie (Ossuary)
  2 orc zombies (Ossuary)
  A rat zombie (Ossuary)
75 creatures vanquished.

Vanquished Creatures (others)
  A shadow dragon (Depths:4)
  A reaper (Zig:5)
  3 large abominations (Abyss:3)
  2 bloated husks (Zig:14)
  A human (Spider:3)
  3 golden eyes (Abyss:3)
  A vampire mosquito (Zig:14)
  A small abomination (Abyss:3)
  An orc warrior (Orc:2)
  2 jellies (Abyss:3)
  A bush (Lair:6)
  144 fire vortices
  46 fungi
  2 lurking horrors (Abyss:3)
  98 plants
  5 starspawn tentacles
  10 tentacles (Shoals:3)
322 creatures vanquished.

Grand Total: 3112 creatures vanquished

Notes
Turn   | Place    | Note
-------+----------+-------------------------------------------
     0 | D:1      | sasquatch the Demonspawn Ice Elementalist began the quest
                  | for the Orb.
     0 | D:1      | Reached XP level 1. HP: 13/13 MP: 3/3
   417 | D:1      | Found a faded altar of an unknown god.
   448 | D:1      | Gained mutation: A weak demonic guardian rushes to your
                  | aid. [demonic ancestry]
   448 | D:1      | Reached XP level 2. HP: 17/19 MP: 1/5
  1343 | D:2      | Gained mutation: You regenerate magic rapidly. [demonic
                  | ancestry]
  1343 | D:2      | Reached XP level 3. HP: 22/24 MP: 2/7
  1347 | D:2      | Learned a level 3 spell: Frozen Ramparts
  1351 | D:2      | Learned a level 3 spell: Ozocubu's Armour
  1751 | D:2      | Gained mutation: A demonic guardian rushes to your aid.
                  | [demonic ancestry]
  1751 | D:2      | Reached XP level 4. HP: 26/30 MP: 3/8
  2683 | D:3      | Found a sacrificial altar of Ru.
  2705 | D:3      | Found a basalt altar of Yredelemnul.
  2970 | D:4      | Gained mutation: A powerful demonic guardian rushes to your
                  | aid. [demonic ancestry]
  2970 | D:4      | Reached XP level 5. HP: 13/35 MP: 2/10
  2974 | D:4      | Reached skill level 5 in Ice Magic
  3055 | D:4      | Reached XP level 6. HP: 20/41 MP: 8/12
  3236 | D:4      | Learned a level 4 spell: Hailstorm
  3276 | D:4      | Found an ancient bone altar of Kikubaaqudgha.
  3363 | D:4      | Found a staircase to the Ecumenical Temple.
  3404 | Temple   | Entered the Ecumenical Temple
  3438 | Temple   | Became a worshipper of Sif Muna the Loreminder
  3477 | D:4      | Found a sand-covered staircase.
  3484 | Ossuary  | Entered an ossuary
  3506 | Ossuary  | Learned a level 1 spell: Shock
  3840 | Ossuary  | Reached * piety under Sif Muna
  3841 | Ossuary  | Reached skill level 1 in Conjurations
  3854 | Ossuary  | Gained mutation: You are partially covered in slimy green
                  | scales. (AC +2) [demonic ancestry]
  3854 | Ossuary  | Reached XP level 7. HP: 32/46 MP: 1/13
  4506 | D:4      | Reached ** piety under Sif Muna
  4692 | D:5      | Entered Level 5 of the Dungeon
  4700 | D:5      | Reached skill level 5 in Conjurations
  5136 | D:5      | Found a bloodstained altar of Trog.
  5158 | D:5      | Found a transporter.
  5164 | D:5      | Noticed fragbeetle's ghost (amateur HOFi)
  5165 | D:5      | Identified the +2 dire flail of Inquiry {flame, Str+3}
  5227 | D:5      | Found a blossoming altar of Fedhas.
  5232 | D:5      | Found a stormy altar of Qazlal.
  5321 | D:5      | Reached XP level 8. HP: 40/52 MP: 6/14
  6182 | D:6      | Reached *** piety under Sif Muna
  6420 | D:6      | Reached XP level 9. HP: 57/57 MP: 10/15
  6424 | D:6      | Learned a level 3 spell: Swiftness
  6524 | D:6      | Noticed Menkaure
  6530 | D:6      | Killed Menkaure
  6741 | D:7      | Reached skill level 5 in Spellcasting
  6752 | D:7      | Noticed Prince Ribbit
  6758 | D:7      | Killed Prince Ribbit
  7076 | D:7      | Noticed a troll
  7084 | D:7      | Killed a troll
  7331 | D:8      | Noticed a two-headed ogre
  7344 | D:8      | Killed a two-headed ogre
  7345 | D:8      | Reached skill level 5 in Dodging
  7346 | D:8      | Found Esha's Magic Scroll Emporium.
  7354 | D:8      | Bought a scroll of identify for 28 gold pieces
  7354 | D:8      | Bought a scroll of fog for 28 gold pieces
  7354 | D:8      | Bought a scroll of amnesia for 49 gold pieces
  7449 | D:8      | Found a flagged portal.
  7478 | Bailey   | Entered a bailey
  7555 | Bailey   | Noticed an orc knight
  7570 | Bailey   | Reached XP level 10. HP: 48/63 MP: 15/19
  7598 | Bailey   | Killed an orc knight
  7702 | Bailey   | Noticed an orc knight
  7730 | Bailey   | Killed an orc knight
  7966 | Bailey   | Identified the +1 shadow dragon scales of Disaster {Int+3
                  | Dex+7 Stlth++++}
  8358 | D:8      | Found a shadowy altar of Dithmenos.
  8453 | D:8      | Noticed Maurice
  8495 | D:8      | Killed Maurice
  9034 | D:8      | Found an opulent altar of Gozag.
  9338 | D:9      | Reached **** piety under Sif Muna
  9390 | D:9      | Noticed a two-headed ogre
  9410 | D:9      | Killed a two-headed ogre
  9603 | D:9      | Found a shimmering altar of Xom.
  9604 | D:9      | Found a hazy altar of Hepliaklqana.
  9666 | D:9      | Reached skill level 10 in Conjurations
  9941 | D:9      | Noticed a centaur warrior
  9968 | D:9      | Killed a centaur warrior
  9969 | D:9      | Reached skill level 10 in Ice Magic
 10649 | D:10     | Entered Level 10 of the Dungeon
 10663 | D:10     | Found Qyor Qeud's Antique Armour Shop.
 10669 | D:10     | Bought a pair of embroidered boots for 255 gold pieces
 10774 | D:10     | Gained mutation: Your touch may inflict minor irresistible
                  | damage on your foes. [demonic ancestry]
 10774 | D:10     | Reached XP level 11. HP: 73/75 MP: 20/20
 11115 | D:10     | Reached skill level 5 in Fighting
 11180 | D:10     | Reached ***** piety under Sif Muna
 11397 | D:10     | Identified the +3 pair of gloves of Purpose {Dex+4}
 11791 | D:10     | Got the Almanac of Satyriasis
 11914 | D:11     | Noticed a seven-headed hydra
 11931 | D:11     | Killed a seven-headed hydra
 11951 | D:11     | Reached skill level 5 in Invocations
 11973 | D:11     | Noticed a skeletal warrior
 12056 | D:11     | Found Zin's Purification Station.
 12061 | D:11     | Noticed a phantasmal warrior
 12216 | D:11     | Reached skill level 1 in Air Magic
 12369 | D:11     | Found a staircase to the Lair.
 12654 | D:11     | Learned a level 4 spell: Airstrike
 12781 | Lair:1   | Entered Level 1 of the Lair of Beasts
 12963 | Lair:1   | Reached skill level 5 in Air Magic
 12964 | Lair:1   | Received a gift from Sif Muna
 12978 | Lair:1   | Learned a level 3 spell: Stone Arrow
 13150 | Lair:1   | Reached XP level 12. HP: 85/88 MP: 11/21
 13199 | Lair:1   | Found a frozen archway.
 13243 | IceCv    | Entered an ice cave
 14092 | Lair:1   | Noticed a five-headed hydra
 14127 | Lair:1   | Killed a five-headed hydra
 14347 | Lair:1   | Found the +2 ratskin cloak {*Rats rPois rN+ Str-1 Int-1
                  | Dex+1}
 14873 | Lair:2   | Noticed a six-headed hydra
 14881 | Lair:2   | Killed a six-headed hydra
 15053 | Lair:2   | Reached skill level 10 in Air Magic
 15841 | Lair:3   | Received a gift from Sif Muna
 15846 | Lair:3   | Got Utif's Reference Book on Ensnaring Flight {god gift}
 15955 | Lair:3   | Noticed Rupert
 16181 | Lair:3   | Reached XP level 13. HP: 77/93 MP: 14/22
 16341 | Lair:3   | Found a hole to the Spider Nest.
 16796 | Lair:3   | Found a runed translucent gate.
 16796 | Lair:3   | Found a runed translucent gate.
 16796 | Lair:3   | Found a runed translucent gate.
 16799 | Lair:3   | Noticed Feulaj's ghost (journeyman MiBe)
 17339 | Lair:3   | Noticed Fannar
 17355 | Lair:3   | Found a staircase to the Shoals.
 18527 | Lair:4   | Learned a level 5 spell: Irradiate
 18619 | Lair:5   | Reached skill level 1 in Transmutations
 18964 | Lair:5   | Received a gift from Sif Muna
 19309 | Lair:5   | Identified the +12 dagger "Arbiter" {flame, Str+8}
 19407 | Lair:6   | Entered Level 6 of the Lair of Beasts
 19661 | Lair:6   | Reached skill level 5 in Transmutations
 19690 | Lair:6   | Found a runed translucent gate.
 19690 | Lair:6   | Found a runed translucent gate.
 19690 | Lair:6   | Found a runed translucent gate.
 19691 | Lair:6   | Noticed MolotovDodgeball's ghost (journeyman TrBr)
 19766 | Lair:6   | Gained mutation: When hurt, damage is shared between your
                  | health and your magic reserves. [demonic ancestry]
 19766 | Lair:6   | Reached XP level 14. HP: 105/105 MP: 24/26
 19877 | Lair:6   | Found a runed translucent door.
 20362 | Lair:6   | Found a viscous altar of Jiyva.
 20363 | Lair:6   | Found a staircase to the Slime Pits.
 20854 | Lair:6   | Killed MolotovDodgeball's ghost
 20895 | Lair:6   | Identified the amulet "Qohitun" {RegenMP Harm Int+2}
 21144 | D:11     | Noticed Nergalle
 21151 | D:11     | Killed Nergalle
 21382 | D:11     | Received a gift from Sif Muna
 21383 | D:11     | Got Sif Muna's Guide on the Cloudy Entourage {god gift}
 21404 | D:11     | Bought a potion of curing for 90 gold pieces
 21848 | D:12     | Found a staircase to the Orcish Mines.
 22287 | D:12     | Found a runed translucent gate.
 22287 | D:12     | Found a runed translucent gate.
 22291 | D:12     | Found a runed translucent gate.
 22293 | D:12     | Noticed Ekaitz's ghost (journeyman DsFE)
 22306 | D:12     | Killed Ekaitz's ghost
 22363 | D:12     | Reached skill level 10 in Fighting
 22588 | D:12     | Found Yroprul's Weapon Boutique.
 22684 | Orc:1    | Entered Level 1 of the Orcish Mines
 23093 | Orc:2    | Entered Level 2 of the Orcish Mines
 23093 | Orc:2    | Found Ipnaumna's Book Shoppe.
 23098 | Orc:2    | Reached skill level 10 in Dodging
 23100 | Orc:2    | Received a gift from Sif Muna
 23103 | Orc:2    | Got Rukosej's Disquisition on Captivating Flight {god gift}
 23269 | Orc:2    | Noticed Nessos
 23270 | Orc:2    | Found Kugaso's Antique Weapon Shoppe.
 23270 | Orc:2    | Noticed Snorg
 23277 | Orc:2    | Killed Snorg
 23282 | Orc:2    | Noticed an orc warlord
 23430 | Orc:2    | Found a staircase to the Elven Halls.
 23804 | Orc:2    | Found Queddett's Antique Armour Shop.
 23985 | Orc:2    | Killed an orc warlord
 24040 | Orc:2    | Noticed an orc warlord
 24287 | Orc:2    | Noticed an orc warlord
 24418 | Orc:2    | Killed Nessos
 24419 | Orc:2    | Reached skill level 10 in Spellcasting
 24467 | Orc:2    | Noticed an orc warlord
 24476 | Orc:2    | Killed an orc warlord
 24528 | Orc:2    | Reached XP level 15. HP: 90/115 MP: 25/29
 24735 | Orc:2    | Killed an orc warlord
 25125 | Orc:2    | Learned a level 6 spell: Starburst
 25255 | Orc:2    | Killed an orc warlord
 25332 | Orc:2    | Found Febucued's General Store.
 25349 | Orc:2    | Bought a potion of haste for 180 gold pieces
 25522 | Orc:2    | Bought a manual of Shields for 1120 gold pieces
 25662 | Spider:1 | Entered Level 1 of the Spider Nest
 25699 | Shoals:1 | Entered Level 1 of the Shoals
 26278 | Shoals:1 | Found Mex Piurch's Assorted Antiques.
 26794 | Shoals:2 | Found Qyet's Weapon Boutique.
 27305 | Shoals:2 | Received a gift from Sif Muna
 27306 | Shoals:2 | Reached skill level 1 in Fire Magic
 27310 | Shoals:2 | Got Sif Muna's Catalogue of the Enchanting Escort {god
                  | gift}
 27334 | Shoals:2 | Reached skill level 2 in Fire Magic
 27521 | Shoals:2 | Reached skill level 3 in Fire Magic
 27753 | Shoals:3 | Found a runed translucent door.
 27757 | Shoals:3 | Reached skill level 4 in Fire Magic
 27819 | Shoals:3 | Found Rirphon's Armour Boutique.
 27821 | Shoals:3 | Noticed a kraken
 27917 | Shoals:3 | Bought the +0 pair of gloves "Ces Geno" {Int+4 Dex+4} for
                  | 537 gold pieces
 28085 | Shoals:3 | Reached skill level 5 in Fire Magic
 28227 | Shoals:3 | Identified the +2 scale mail "Ariduugg" {Harm Regen+ Int-5
                  | Dex+9}
 28578 | Shoals:4 | Entered Level 4 of the Shoals
 28618 | Shoals:4 | Reached skill level 6 in Fire Magic
 28993 | Shoals:4 | Reached skill level 7 in Fire Magic
 29281 | Shoals:4 | Gained mutation: Your touch may inflict irresistible damage
                  | on your foes. [demonic ancestry]
 29281 | Shoals:4 | Reached XP level 16. HP: 122/122 MP: 25/30
 29436 | Shoals:4 | Reached skill level 8 in Fire Magic
 29637 | Shoals:4 | Identified the +8 hand crossbow of Valuable Assets {elec,
                  | *Slow rPois rF++ Stlth+}
 29775 | Shoals:4 | Found Luckein's Weapon Shop.
 29891 | Shoals:4 | Reached skill level 9 in Fire Magic
 29916 | Shoals:4 | Received a gift from Sif Muna
 29917 | Shoals:4 | Got Sif Muna's Grimoire of Heat {god gift}
 29981 | Shoals:4 | Got a barnacled rune of Zot
 30137 | Shoals:4 | Reached skill level 10 in Fire Magic
 30458 | Lair:3   | Killed Rupert
 30537 | Lair:3   | Killed Fannar
 31242 | Lair:3   | Killed Feulaj's ghost
 31243 | Lair:3   | Reached skill level 11 in Fire Magic
 31553 | Spider:1 | Reached skill level 12 in Fire Magic
 31913 | Spider:1 | Reached skill level 13 in Fire Magic
 32537 | Spider:1 | Reached skill level 14 in Fire Magic
 32658 | Spider:1 | Received a gift from Sif Muna
 32659 | Spider:1 | Got Sif Muna's Catalogue of Enchanting Combat Magic {god
                  | gift}
 32860 | Spider:1 | Reached ****** piety under Sif Muna
 33323 | Spider:2 | Reached skill level 15 in Fire Magic
 33378 | Spider:2 | Noticed Mlioglotl
 33389 | Spider:2 | Killed Mlioglotl
 33579 | Spider:2 | Gained mutation: You are mostly covered in slimy green
                  | scales. (AC +3) [demonic ancestry]
 33579 | Spider:2 | Reached XP level 17. HP: 128/128 MP: 20/31
 33784 | Spider:2 | Identified the +0 scimitar of the Glowing Rat {vorpal,
                  | Str+6}
 33959 | Spider:3 | Noticed Kirke
 33961 | Spider:3 | Killed Kirke
 34177 | Spider:3 | Identified the +5 quarterstaff of Untruth {vorpal, *Slow
                  | rElec Dex+7 SInv}
 34179 | Spider:3 | Noticed Arachne
 34195 | Spider:3 | Reached skill level 16 in Fire Magic
 34233 | Spider:3 | Killed Arachne
 34752 | Spider:4 | Entered Level 4 of the Spider Nest
 34798 | Spider:4 | Received a gift from Sif Muna
 34801 | Spider:4 | Got Sif Muna's Tome of the Feathery Volcanoes {god gift}
 35902 | Spider:4 | Learned a level 8 spell: Ignition
 36577 | Spider:4 | Received a gift from Sif Muna
 36641 | Spider:4 | Got a gossamer rune of Zot
 37102 | D:13     | Reached skill level 17 in Fire Magic
 37139 | D:13     | Found an iron altar of Okawaru.
 37686 | D:14     | Noticed Josephine
 37772 | D:14     | Killed Josephine
 38195 | D:14     | Reached XP level 18. HP: 134/134 MP: 18/34
 38215 | D:14     | Found a gate to the Vaults.
 38709 | D:14     | Found Foaluepp's Antique Armour Boutique.
 38718 | D:14     | Bought a spiked tower shield for 209 gold pieces
 38718 | D:14     | Identified the +3 tower shield "Itemuro" {rPois rC++ Str+2
                  | Int-4} (You bought it in a shop on level 14 of the Dungeon)
 38883 | D:15     | Entered Level 15 of the Dungeon
 38889 | D:15     | Received a gift from Sif Muna
 38890 | D:15     | Got Buteawn's Papyrus of Confrontation and Moulding {god
                  | gift}
 38924 | D:15     | Reached skill level 18 in Fire Magic
 38978 | D:15     | Found a staircase to the Depths.
 39355 | D:15     | Identified the +5 ring mail of the Nightingale {Str+7}
 39470 | D:15     | Found Otsoer's Antique Armour Shoppe.
 39558 | Vaults:1 | Entered Level 1 of the Vaults
 40722 | Vaults:1 | Reached skill level 19 in Fire Magic
 41321 | Vaults:1 | Received a gift from Sif Muna
 41584 | Vaults:1 | Reached skill level 20 in Fire Magic
 41679 | Vaults:1 | Noticed Aizul
 41805 | Vaults:1 | Killed Aizul
 42259 | Vaults:2 | Found a flickering gateway to a bazaar.
 42266 | Bazaar   | Entered a bazaar
 42290 | Bazaar   | Found Uneicikh's Distillery.
 42301 | Bazaar   | Found Uschadu's Book Emporium.
 42353 | Bazaar   | Found Wyichura's Antique Weapon Shoppe.
 42400 | Bazaar   | Found Suofow's Antique Weapon Shoppe.
 42441 | Bazaar   | Found Jiudamn's Antique Weapon Shoppe.
 42455 | Bazaar   | Bought 2 potions of heal wounds for 70 gold pieces
 42455 | Bazaar   | Bought a potion of haste for 70 gold pieces
 42455 | Bazaar   | Bought a potion of haste for 70 gold pieces
 42455 | Bazaar   | Bought a potion of haste for 70 gold pieces
 42464 | Bazaar   | Bought a pitted scimitar for 207 gold pieces
 42464 | Bazaar   | Identified the +5 scimitar of the Howling Enemy {freeze,
                  | *Rage Will- Dex+9 Stlth+} (You bought it in a shop in a
                  | bazaar)
 42506 | Bazaar   | Bought an ancient rapier for 189 gold pieces
 42506 | Bazaar   | Identified the +7 rapier "Amoduit" {speed, rF+ rN+ Dex-3}
                  | (You bought it in a shop in a bazaar)
 42767 | Vaults:2 | Gained mutation: You are robust. (+10% HP) [demonic
                  | ancestry]
 42767 | Vaults:2 | Reached XP level 19. HP: 134/154 MP: 20/36
 43029 | Vaults:2 | Identified the ring of the Tick {MP+9 Int+4}
 43626 | Vaults:2 | Received a gift from Sif Muna
 43667 | Vaults:2 | Found a staircase to the Crypt.
 44815 | Vaults:3 | Noticed Asterion
 44819 | Vaults:3 | Killed Asterion
 44820 | Vaults:3 | Reached skill level 15 in Spellcasting
 45279 | Vaults:3 | Noticed Sojobo
 45564 | Vaults:3 | Received a gift from Sif Muna
 45837 | Vaults:3 | Killed Sojobo
 46150 | Vaults:3 | Reached skill level 15 in Conjurations
 46382 | Vaults:3 | Identified the +6 hand crossbow of the Hierophant {speed,
                  | rElec rF+}
 46445 | Vaults:3 | Gained mutation: Your touch may irresistibly damage your
                  | foes and sap their willpower. [demonic ancestry]
 46445 | Vaults:3 | Reached XP level 20. HP: 161/161 MP: 23/40
 47391 | Vaults:4 | Received a gift from Sif Muna
 47393 | Vaults:4 | Got Sif Muna's Catalogue of Flying Curses {god gift}
 47498 | Vaults:4 | Identified the +3 ring mail "Wyetameu" {rElec rPois rN+
                  | Int-4}
 47946 | Vaults:4 | Found Lonaroy's General Store.
 48952 | Vaults:5 | Entered Level 5 of the Vaults
 48953 | Vaults:5 | Received a gift from Sif Muna
 50289 | Vaults:5 | Identified the +4 dagger "Rybowuic" {vamp, Contam rPois rF+
                  | Dex+2}
 50293 | Vaults:5 | Received a gift from Sif Muna
 50294 | Vaults:5 | Gained mutation: When low on magic, you restore magic in
                  | place of health. [demonic ancestry]
 50294 | Vaults:5 | Reached XP level 21. HP: 146/168 MP: 12/41
 50733 | Vaults:5 | Identified the +0 scale mail of Duschail {rN+ Regen+ Int+2}
 50996 | Vaults:5 | Noticed a dread lich
 51006 | Vaults:5 | Killed a dread lich
 51149 | Vaults:5 | Identified the +3 mace of Gravity {speed, rC- Str+4 Int+4}
 51167 | Vaults:5 | Reached skill level 10 in Invocations
 51321 | Vaults:5 | Identified the +9 battleaxe of Dief {freeze, rC+}
 51716 | Vaults:5 | Identified the +5 fire dragon scales of Time Monsters
                  | {-Cast Rampage rF++ rC- Will+}
 51720 | Vaults:5 | Got a silver rune of Zot
 51721 | Vaults:5 | Found the +6 lightning scales {swift, rElec}
 51722 | Vaults:5 | Got Gloorx Vloq's Volume of Dark Arts
 52040 | Vaults:5 | Found the necklace of Bloodlust {*Rage Will++ Int-3 Slay+6}
 52152 | Vaults:5 | Identified the ring of Division {Wiz Contam Str+6 Int+8
                  | Dex+2}
 52169 | Vaults:5 | Identified the amulet "Siovipso" {Faith *Slow Regen+ Dex+2}
 52294 | Vaults:5 | Received a gift from Sif Muna
 52343 | Vaults:5 | Reached skill level 21 in Fire Magic
 52358 | Vaults:5 | Noticed an ancient lich
 52663 | Vaults:5 | Killed an ancient lich
 52878 | Vaults:5 | Identified the +0 pair of gloves of Mysticism {-Cast rN+
                  | Will+}
 52884 | Vaults:5 | Identified the +7 fustibalus of Qopnumej {flame, *Slow
                  | rPois Str+3 Dex+4}
 53152 | Vaults:5 | Learned a level 9 spell: Fire Storm
 53161 | Vaults:5 | Learned a level 6 spell: Iron Shot
 53457 | Elf:1    | Entered Level 1 of the Elven Halls
 53553 | Elf:1    | Found Lurir's Assorted Antiques.
 53561 | Elf:1    | Bought a scroll of magic mapping for 73 gold pieces
 54522 | Elf:2    | Found a runed translucent gate.
 54522 | Elf:2    | Found a runed translucent gate.
 54522 | Elf:2    | Found a runed translucent gate.
 54568 | Elf:3    | Entered Level 3 of the Elven Halls
 54833 | Elf:3    | Found a runed translucent gate.
 54833 | Elf:3    | Found a runed translucent gate.
 54834 | Elf:3    | Found a runed translucent gate.
 54838 | Elf:3    | Reached skill level 22 in Fire Magic
 54839 | Elf:3    | Noticed Qiokh's ghost (veteran MiBe)
 54844 | Elf:3    | Reached skill level 1 in Shields
 54972 | Elf:3    | Reached skill level 1 in Earth Magic
 55153 | Elf:3    | Identified Roxanne's Disquisition on Transmutation
 55153 | Elf:3    | Noticed Roxanne
 55254 | Elf:3    | Received a gift from Sif Muna
 55262 | Elf:3    | Got Sif Muna's Handbook of the Toxic Blaze {god gift}
 55448 | Elf:3    | Reached XP level 22. HP: 172/174 MP: 37/42
 55890 | Elf:3    | Reached skill level 5 in Shields
 56549 | Elf:3    | Identified the +0 halberd of Fuzzy Tender Mercy {protect,
                  | Fragile Dex+6}
 56629 | Elf:3    | Identified the ring of Usuqadawni {Will+ MP+9 AC+4 SInv}
 56641 | Elf:3    | Identified the +1 leather armour of the Grue {Harm SInv}
 56659 | Elf:3    | Identified the +13 chain mail of Lypung {-Tele Int+4 Dex+3}
 57181 | Depths:1 | Entered Level 1 of the Depths
 57181 | Depths:1 | Found a gateway to Hell.
 57219 | Depths:1 | Reached skill level 5 in Earth Magic
 57382 | Depths:1 | Found a magical portal.
 57405 | WizLab   | Entered Maxwell's Workshop
 57920 | WizLab   | Identified the ring "Ipoav" {Ice rN+ Int+6 Stlth+}
 58478 | WizLab   | Reached skill level 10 in Shields
 58529 | WizLab   | Received a gift from Sif Muna
 59521 | Depths:1 | Found Ogroggin's General Store.
 59523 | Depths:1 | Found Acaz Fieh's Assorted Antiques.
 59523 | Depths:1 | Found Midghele's Jewellery Boutique.
 59526 | Depths:1 | Found Wih Gyt's Distillery.
 59528 | Depths:1 | Bought a potion of curing for 42 gold pieces
 59528 | Depths:1 | Bought a scroll of teleportation for 42 gold pieces
 59531 | Depths:1 | Bought a scroll of magic mapping for 175 gold pieces
 59534 | Depths:1 | Bought a potion of brilliance for 60 gold pieces
 59534 | Depths:1 | Bought a potion of curing for 45 gold pieces
 59534 | Depths:1 | Bought a potion of curing for 45 gold pieces
 59534 | Depths:1 | Bought a potion of curing for 45 gold pieces
 59537 | Depths:1 | Bought the ring "Mytoebom" {rF+ Will+} for 864 gold pieces
 59787 | Depths:1 | Found a one-way gate to the infinite horrors of the Abyss.
 60013 | Shoals:2 | Bought the +4 spear of the Hungering Genius {vorpal, rPois
                  | rC+++ rCorr Str-5} for 987 gold pieces
 60131 | Slime:1  | Entered Level 1 of the Pits of Slime
 60208 | Slime:1  | Gained mutation: You are agile. (Dex +2) [a shining eye]
 60371 | Slime:2  | Received a gift from Sif Muna
 60373 | Slime:2  | Got Sif Muna's Disquisition on Unstable Dark Secrets {god
                  | gift}
 60931 | Slime:4  | Gained mutation: You are very robust. (+20% HP) [demonic
                  | ancestry]
 60931 | Slime:4  | Reached XP level 23. HP: 174/198 MP: 34/43
 60995 | Slime:5  | Entered Level 5 of the Pits of Slime
 61127 | Slime:5  | Noticed the Royal Jelly
 61130 | Slime:5  | Killed the Royal Jelly
 61198 | Slime:5  | Reached skill level 10 in Earth Magic
 61323 | Slime:5  | Identified the ring "Sesaaba" {Fire Contam rElec Str+8
                  | SInv}
 61385 | Slime:5  | Got a slimy rune of Zot
 62202 | Depths:2 | Received a gift from Sif Muna
 62505 | Depths:2 | Found a one-way gate leading to the halls of Pandemonium.
 62904 | Depths:2 | Identified the +1 great sword of Woad {drain, rElec Int+6}
 63454 | Depths:3 | Noticed Boris
 63466 | Depths:3 | Killed Boris
 63871 | Depths:3 | Found a one-way gateway to a ziggurat.
 63883 | Depths:3 | Received a gift from Sif Muna
 65160 | Depths:3 | Found the +6 arbalest "Damnation" {damnation}
 65288 | Depths:3 | Found Jareani's Jewellery Boutique.
 65313 | Depths:4 | Entered Level 4 of the Depths
 65439 | Depths:4 | Noticed Jory
 65445 | Depths:4 | Killed Jory
 65468 | Depths:4 | Reached XP level 24. HP: 206/206 MP: 42/44
 65513 | Depths:4 | Noticed Boris
 65524 | Depths:4 | Killed Boris
 65646 | Depths:4 | Reached skill level 15 in Shields
 65937 | Depths:4 | Received a gift from Sif Muna
 66109 | Depths:4 | Identified the +1 scale mail of the Vanishing Spirits
                  | {MP+9}
 66633 | Depths:4 | Found a gate to the Realm of Zot.
 66920 | Depths:4 | Learned a level 8 spell: Lehudib's Crystal Spear
 66960 | Zot:1    | Entered Level 1 of the Realm of Zot
 67305 | Zot:1    | Found a transporter.
 67331 | Zot:1    | Found a transporter.
 67337 | Zot:1    | Noticed Xill's ghost (veteran MiMo)
 67403 | Zot:1    | Noticed an orb of fire
 67427 | Zot:1    | Noticed Sebriys's ghost (legendary TrBe)
 67485 | Zot:1    | Identified the ring of Thoughtfulness {MP+9 Slay+2}
 67722 | Zot:1    | Noticed Flapstick's ghost (legendary HaBe)
 67725 | Zot:1    | Identified the +5 flail of the Shouting Ancients {vorpal,
                  | *Rage Str+3 Int+2 Dex+4}
 68224 | Zot:2    | Received a gift from Sif Muna
 68784 | Zot:2    | Noticed a Killer Klown
 69717 | Zot:2    | Killed a Killer Klown
 69718 | Zot:2    | Reached XP level 25. HP: 223/223 MP: 37/45
 70337 | Zot:3    | Identified the +0 pair of gloves "Pesepua Ysou" {Str+6}
 70578 | Zot:3    | Received a gift from Sif Muna
 70783 | Zot:3    | Noticed a Killer Klown
 70787 | Zot:3    | Killed a Killer Klown
 70992 | Zot:3    | Noticed an orb of fire
 70996 | Zot:3    | Killed an orb of fire
 71524 | Zot:4    | Noticed an orb of fire
 71532 | Zot:4    | Killed an orb of fire
 72285 | Zot:4    | Found a transporter.
 72286 | Zot:4    | Noticed a shard shrike
 72287 | Zot:4    | Noticed Muataran's ghost (veteran MiMo)
 72334 | Zot:4    | Received a gift from Sif Muna
 72335 | Zot:4    | Got Aluu's Incunabulum of the Frigorific Escort {god gift}
 72398 | Zot:4    | Found a transporter.
 72404 | Zot:4    | Noticed a shard shrike
 72844 | Zot:4    | Killed a shard shrike
 72844 | Zot:4    | Killed a shard shrike
 72847 | Zot:4    | Reached skill level 15 in Fighting
 72866 | Zot:4    | Identified the +0 helmet of Negligence {rF+++ Int-4 Dex-4
                  | Stlth+}
 72914 | Zot:4    | Killed Muataran's ghost
 73260 | Zot:5    | Entered Level 5 of the Realm of Zot
 73364 | Zot:5    | Reached skill level 15 in Earth Magic
 73371 | Zot:5    | Noticed an orb of fire
 73459 | Zot:5    | Killed an orb of fire
 73933 | Zot:5    | Noticed an ancient lich
 74149 | Zot:5    | Killed an ancient lich
 74150 | Zot:5    | Gained mutation: You are completely covered in slimy green
                  | scales. (AC +4, rPois) [demonic ancestry]
 74150 | Zot:5    | Reached XP level 26. HP: 241/241 MP: 31/45
 74162 | Zot:5    | Noticed an ancient lich
 74166 | Zot:5    | Killed an ancient lich
 74198 | Zot:5    | Noticed an orb of fire
 74200 | Zot:5    | Gained mutation: Armour fits poorly on your strangely
                  | shaped body. [an orb of fire]
 74201 | Zot:5    | Noticed a dread lich
 74202 | Zot:5    | Noticed an orb of fire
 74207 | Zot:5    | Gained mutation: You are dopey. (Int -2) [an orb of fire]
 74211 | Zot:5    | Killed an orb of fire
 74215 | Zot:5    | Lost mutation: You are agile. (Dex +2) [an orb of fire]
 74223 | Zot:5    | Noticed an ancient lich
 74224 | Zot:5    | Noticed an ancient lich
 74224 | Zot:5    | Noticed a dread lich
 74235 | Zot:5    | Received a gift from Sif Muna
 74236 | Zot:5    | Got Sif Muna's Compendium of Transmutation and the Compass
                  | {god gift}
 74259 | Zot:5    | Noticed a dread lich
 74276 | Zot:5    | Killed a dread lich
 74328 | Zot:5    | Killed a dread lich
 74353 | Zot:5    | Noticed an ancient lich
 74357 | Zot:5    | Killed an ancient lich
 74743 | Zot:5    | Reached skill level 23 in Fire Magic
 74809 | Zot:5    | Noticed a dread lich
 74836 | Zot:5    | Killed a dread lich
 74906 | Zot:5    | Killed an orb of fire
 75081 | Zot:5    | Identified 2 scrolls of acquirement
 75130 | Zot:5    | Noticed an ancient lich
 75140 | Zot:5    | Killed an ancient lich
 75169 | Zot:5    | Killed an ancient lich
 75439 | Zot:5    | Noticed an ancient lich
 75446 | Zot:5    | Killed an ancient lich
 75875 | Zot:4    | Acquired the +0 helmet "Efitwoke" {Fly rPois Int+2 SInv}
 75888 | Zot:4    | Acquired 747 gold pieces
 75893 | Zot:5    | Paralysed by a dread lich for 7 turns
 75902 | Zot:5    | Killed a dread lich
 76203 | Zot:5    | Reached skill level 24 in Fire Magic
 76310 | Zot:5    | Killed an ancient lich
 76836 | Depths:4 | Voluntarily entered the Abyss.
 76905 | Abyss:3  | Found a corrupted altar of Lugonu.
 76930 | Abyss:3  | Found a stormy altar of Qazlal.
 77765 | Depths:4 | Escaped the Abyss
 77767 | Depths:4 | Voluntarily entered the Abyss.
 77805 | Abyss:2  | Gained mutation: Your spells are a little easier to cast,
                  | but a little less powerful. [a neqoxec]
 78230 | Depths:4 | Escaped the Abyss
 78505 | Depths:3 | Voluntarily entered the Abyss.
 78829 | Abyss:4  | Found a corrupted altar of Lugonu.
 78855 | Abyss:4  | Gained mutation: You are extremely robust. (+30% HP)
                  | [demonic ancestry]
 78855 | Abyss:4  | Reached XP level 27. HP: 184/269 MP: 19/46
 78855 | Abyss:4  | Got an abyssal rune of Zot
 78869 | Abyss:4  | Found a corrupted altar of Lugonu.
 78874 | Depths:3 | Escaped the Abyss
 78934 | Depths:3 | Lost mutation: You are dopey. (Int -2) [potion of mutation]
 78934 | Depths:3 | Lost mutation: Your spells are a little easier to cast, but
                  | a little less powerful. [potion of mutation]
 78934 | Depths:3 | Lost mutation: Armour fits poorly on your strangely shaped
                  | body. [potion of mutation]
 78934 | Depths:3 | Gained mutation: You are strong-willed. (Will+) [potion of
                  | mutation]
 78934 | Depths:3 | Gained mutation: Your system is resistant to poisons.
                  | (rPois) [potion of mutation]
 78934 | Depths:3 | Gained mutation: You are somewhat resistant to further
                  | mutation. [potion of mutation]
 78962 | Hell     | Entered the Vestibule of Hell
 78962 | Hell     | Noticed Geryon
 78973 | Depths:3 | Received a gift from Sif Muna
 78974 | Depths:3 | Got Urreniduirch's Papyrus of Dark Venom {god gift}
 79049 | Hell     | Killed Geryon
 79297 | Depths:3 | Reached skill level 5 in Stealth
 79795 | Hell     | Found a gateway to the freezing wastes of Cocytus.
 79928 | Hell     | Found a gateway to the Iron City of Dis.
 80034 | Hell     | Found a gateway to the ashen valley of Gehenna.
 80277 | Hell     | Found a gateway to the decaying netherworld of Tartarus.
 80717 | Zig:1    | Entered Level 1 of a ziggurat
 80739 | Zig:2    | Entered Level 2 of a ziggurat
 80784 | Zig:3    | Entered Level 3 of a ziggurat
 80787 | Zig:3    | Noticed Nusorhot the pandemonium lord
 80789 | Zig:3    | Killed Nusorhot the pandemonium lord
 80815 | Zig:3    | Identified the +1 pair of gloves "Byvud" {rC+}
 80819 | Zig:4    | Entered Level 4 of a ziggurat
 80846 | Zig:5    | Entered Level 5 of a ziggurat
 80852 | Zig:5    | Noticed Efrudala the pandemonium lord
 80857 | Zig:5    | Found the +7 staff of the Meek {protect, meekguard}
 80858 | Zig:5    | Killed Efrudala the pandemonium lord
 80859 | Zig:5    | Reached skill level 10 in Stealth
 80902 | Zig:5    | Learned a level 9 spell: Shatter
 80905 | Zig:6    | Entered Level 6 of a ziggurat
 81380 | Zig:6    | Identified the +7 scimitar of Certain Death {vorpal, rC+
                  | Will- Str+2 Int+2 Stlth+}
 81386 | Zig:7    | Entered Level 7 of a ziggurat
 81636 | Zig:7    | Identified the +5 chain mail of Epodwiko {*Slow rC+ Regen+
                  | Int+6}
 81643 | Zig:8    | Entered Level 8 of a ziggurat
 81667 | Zig:8    | Identified the +3 glaive of Fatigue {flame, rElec rC+
                  | rCorr}
 81678 | Zig:8    | Identified the +4 fire dragon scales "Gucrafa Ehoo" {rPois
                  | rF++ rC- Will- SInv Stlth+}
 81688 | Zig:9    | Entered Level 9 of a ziggurat
 81727 | Zig:9    | Acquired 776 gold pieces
 81730 | Zig:9    | Acquired the ring of Kaellode {rC+ rN++ Will+ MP+9 Int-4}
 81764 | Zig:9    | Learned a level 9 spell: Polar Vortex
 81767 | Zig:10   | Entered Level 10 of a ziggurat
 81777 | Zig:10   | Reached skill level 25 in Fire Magic
 81868 | Zig:10   | Identified the +6 scimitar of the Chopping Asp {venom, rN+
                  | rCorr Str-3 Dex+3}
 81869 | Zig:10   | Identified the +8 rapier "Hurum" {vorpal, rPois Dex+2}
 81871 | Zig:10   | Identified the +8 battleaxe of Ucykkoetul {protect, Int+3
                  | Stlth+}
 81893 | Zig:11   | Entered Level 11 of a ziggurat
 82113 | Zig:11   | Identified the +0 mace "Demonslayer" {vorpal, *Corrode
                  | Str+7 Dex+2}
 82117 | Zig:11   | Identified the +8 hand axe "Keug" {vorpal, Int+3 Dex+4}
 82165 | Zig:12   | Entered Level 12 of a ziggurat
 82630 | Zig:12   | Identified the +6 spear of Mourning {pain, rPois rF+}
 82637 | Zig:12   | Identified the +4 long sword "Kalitaf" {vorpal, rC+ rCorr
                  | Str+2}
 82644 | Zig:12   | Identified the +1 war axe of Ommeboc {vorpal, rPois Will+
                  | Str+4 Int-2}
 82657 | Zig:13   | Entered Level 13 of a ziggurat
 82888 | Zig:14   | Entered Level 14 of a ziggurat
 82978 | Zig:14   | Identified the +9 shortbow of Truncation {freeze, rF- Str+3
                  | Dex+4}
 82984 | Zig:14   | Identified the +5 hand crossbow "Egaxokogg" {flame, Will+}
 82999 | Zig:15   | Entered Level 15 of a ziggurat
 83009 | Zig:15   | Noticed an ancient lich
 83011 | Zig:15   | Killed an ancient lich
 83088 | Zig:15   | Identified the ring "Ulio" {Wiz Contam rN+ Dex+2}
 83106 | Zig:15   | Identified the ring "Onouzin" {rPois rC- rCorr Dex+7}
 83179 | Pan      | Entered Pandemonium
 83311 | Pan      | Noticed Bosung the pandemonium lord
 83314 | Pan      | Killed Bosung the pandemonium lord
 83397 | Pan      | Found an exit through the horrors of the Abyss.
 83517 | Pan      | Identified the +4 halberd "Beetlebane" {flame, *Corrode
                  | Int+5}
 83839 | Pan      | Found an exit through the horrors of the Abyss.
 86127 | Pan      | Noticed a seraph
 86141 | Pan      | HP: 10/282 [apis (13)]
 86141 | Pan      | Annihilated by an apis

Illustrated notes

Levels and vault maps discovered:
D:1:      saegor_arrival_simple_a, layout_basic, ebering_ecumenical_altar_box
D:2:      layout_rooms, minmay_pentomino_u4
D:3:      cheibrodos_helix_gallery, layout_basic, lemuel_crystal_altar,
          yredelemnul_altar_generic, chequers_serial_rivers_room_a,
          minmay_misc_feat_tiny
D:4:      layout_cave_pools, lemuel_zombie_altar_kikubaaqudgha,
          minmay_temple_entry_gardened_gates, enter_ossuary_4, bh_walls_and_bars
D:5:      layout_cave_pools, grunt_temple_overflow_open,
          mainiacjoe_overflow_alcove_4, gammafunk_ghost_smash, minmay_pentangle
D:6:      hellmonk_destroyed_diamonds, layout_basic, uniq_menkaure
D:7:      layout_basic, nicolae_tso_carved_into_rock, uniq_prince_ribbit1
D:8:      layout_layer_cave, mainiacjoe_overflow_boulevard,
          grunt_dithmenos_smoke, serial_shops, nicolae_shop_hallway_stairs,
          enter_bailey_3, uniq_maurice
D:9:      layout_stronghold, regret_index_temple_of_mockery
D:10:     layout_loops_ring, serial_shops, nicolae_square_shop, special_room
          [special_room_kobold], kennysheep_generic_room_5
D:11:     layout_roguey, erik_lair_island, zin_purify, uniq_nergalle
D:12:     layout_big_octagon, zombieorc2_lemuel, ebering_ghost_rock_garden,
          serial_shops, nicolae_shop_advertising_works
          [nicolae_subvault_shop_adworks]
D:13:     layout_long_grid, okawaru_metal_pillars_1_2
D:14:     layout_long_grid, grunt_vaults_entry_fortified, serial_shops,
          nicolae_shop_trees, nicolae_concentric_dashed_squares_mild,
          minmay_misc_feat_ornament, minivault_25_ag, uniq_josephine
D:15:     grunt_enter_depths_giant_problem, layout_rooms,
          roderic_serpentine_path, serial_shops, shop
Temple:   cyrus_temple_forest
Lair:1:   layout_gridlike, portal_ice_cave_entry_ice_simulacra
Lair:2:   layout_roguey, grunt_megastairs_4
Lair:3:   layout_hall_layers, minmay_shoals_entry_lonely_mermaid,
          spider_nest_entry_web_field, ebering_ghost_rock_garden, uniq_fannar,
          uniq_rupert
Lair:4:   layout_regular_city, basic_altar, minmay_holes
Lair:5:   layout_gridlike, cheibrodos_lair_lostbears
Lair:6:   wormcave, layout_long_grid, slime_altar_1, gammafunk_ghost_hydra_chop,
          serial_bayou_shore_b
Shoals:1: layout_shoals, serial_shops, shop
Shoals:2: layout_shoals, nicolae_stop_n_shop_1
Shoals:3: layout_shoals, serial_shops, shop, lightli_airlock
Shoals:4: shoals_end_hangedman, layout_shoals, serial_shops, shop
Spider:1: layout_cave_pods
Spider:2: layout_spider_delve, uniq_mlioglotl
Spider:3: layout_spider_delve, uniq_arachne, uniq_kirke
Spider:4: spider_rune_water, einodemon_crawler_minivault
Slime:1:  layout_caves
Slime:2:  layout_caves
Slime:3:  layout_caves
Slime:4:  layout_caves, uniq_dissolution
Slime:5
Orc:1:    layout_caves
Orc:2:    grunt_orc_gardens, layout_caves, grunt_orc_garden, grunt_orc_garden,
          grunt_orc_garden, grunt_orc_garden, minmay_orc_treasury, uniq_nessos,
          uniq_snorg
Elf:1:    elf_arrival_001, layout_loops_corners, serial_shops,
          nicolae_shop_temple_entry_statues_fountains,
          hangedman_elven_crosses_minicolossus, uniq_azrael
Elf:2:    elven_hall_of_blades_hangedman_original [nicolae_blade_tridents],
          layout_rooms, minmay_misc_feat_pillars,
          nicolae_elf_glass_and_crystal_pillar_1, nrook_loot_triangle,
          minivault_14, drop_trap
Elf:3:    minmay_elf_hall, layout_geoelf_castle, ebering_ghost_rock_garden,
          amethyst_killhole, small_chamber_with_monster,
          hellmonk_bongcloud_opening, uniq_roxanne
Vaults:1: vaults_mumra_hex, nicolae_vaults_little_squares_6,
          grunt_vaults_trifunnel, hangedman_vaults_hat, ontoclasm_vaults_hangar,
          vaults_room_pool, vaults_room_semicircle, layout_vaults_big_room,
          uniq_aizul
Vaults:2: nicolae_vaults_twisting_passages, nicolae_vaults_network_star,
          minmay_crypt_entry_simple_walls, nicolae_vaults_three_branches,
          grunt_vaults_hallway_short, nicolae_vaults_bisected_slash,
          layout_vaults_quadrants, serial_shops, bzr_entry_water
Vaults:3: nicolae_vaults_back_hallway, v_rooms_6, nicolae_vaults_triangles,
          hangedman_vaults_maws, vaults_mumra_hexcomb, v_misc_11,
          vaults_room_fours, ontoclasm_vaults_ring_large,
          grunt_vaults_hallway_long, nicolae_vaults_rhombus_5,
          nicolae_vaults_statue_guard, layout_vaults_omnicross, uniq_sojobo,
          uniq_asterion
Vaults:4: ontoclasm_vaults_bender, v_misc_9, dpeg_vaults_monster_row,
          nicolae_vaults_network_square, nicolae_vaults_network_s,
          nicolae_vaults_windows_and_doors_thing, nicolae_vaults_alarming,
          nicolae_vaults_minivaults, nicolae_vaults_circle_grid_b,
          nicolae_vaults_angled_halls, nicolae_vaults_shelves_hall,
          layout_vaults_maze_bifur, serial_shops, shop
Vaults:5
Depths:1: layout_cave_pools, minmay_room_of_horrors, mu_enter_wizlab_4,
          hell_entry, nicolae_elyvilon_temple_path, minmay_shoptagon
Depths:2: minmay_two_paths, layout_gridlike, good_gods_mini_temple, hell_entry,
          rand_demon_pan_entry_3, hangedman_glass_teeth
Depths:3: grunt_house_of_mirrors, layout_twisted_cross, enter_ziggurat_f,
          serial_shops, shop, pan_entry, abyss_entry, hell_entry,
          nicolae_figureground_sparkle, uniq_boris
Depths:4: grunt_zot_entry_bicorn, layout_cave_pools, chequers_big_river,
          grunt_mini_vestibule, abyss_entry, uniq_jory
Hell
Zot:1:    kennysheep_blocky_hall, layout_gridlike, nzn_ghost_randoct
Zot:2:    kennysheep_bubbly, layout_twisted_circle, grunt_megastairs_2
Zot:3:    layout_twisted_circle, grunt_megastairs_5, lemuel_elevator
Zot:4:    dreamdust_black_sun_cult, layout_onion_interference,
          gammafunk_ghost_berserking_beasts, grunt_megastairs_1
Zot:5:    layout_misc_corridors
Pan:      evilmike_mini_pan_doors_b, layout_irregular_city,
          nicolae_pan_gloorx_vloqian_3, evilmike_mini_pan_diamond,
          layout_irregular_city, nicolae_pan_mnolegish_5,
          nicolae_pan_giant_door, layout_pan_divisions_b
          [pan_division_quadrant_b6, pan_division_quadrant_b1,
          pan_division_quadrant_b4, pan_division_quadrant_b3],
          pan_blood_fountain_small, grunt_pan_zigzag, layout_onion_city,
          evilmike_mini_pan_doors_b, layout_basic, evilmike_holy_pan

Skill      XL: |  1  2  3  4  5  6  7  8  9 10 11 12 13 14 15 16 17 18 19 20 21 22 23 24 25 26 27 |
---------------+----------------------------------------------------------------------------------+-----
Ice Magic      | 4 5 6 8 10 13 | 13.6
Spellcasting   | 3 4 6 8 10 12 13 16 17 18 19 | 19.4
Conjurations   | 3 6 8 10 12 14 15 19 20 21 22 23 24 | 24.0
Dodging        | 6 8 10 | 10.0
Fighting       | 3 6 8 10 12 15 18 | 18.0
Invocations    | 6 8 10 12 | 12.0
Air Magic      | 6 10 | 10.0
Transmutations | 5 6 |  6.0
Fire Magic     | 7 15 17 20 22 24 25 | 25.0
Shields        | 3 12 14 15 | 15.0
Earth Magic    | 2 9 10 12 15 16 22 | 22.3
Stealth        | 3 10 | 10.0

Action                   |  1- 3 |  4- 6 |  7- 9 | 10-12 | 13-15 | 16-18 | 19-21 | 22-24 | 25-27 || total
-------------------------+-------+-------+-------+-------+-------+-------+-------+-------+-------++-------
Melee: Unarmed           |    13 |       |       |       |       |       |       |       |       ||    13
       Dagger            |     4 |       |       |       |       |       |       |       |       ||     4
       Punch             |     1 |     2 |       |       |       |       |       |       |       ||     3
       Short sword       |     3 |    60 |    31 |     1 |       |       |       |       |       ||    95
       Staff             |       |       |       |     1 |    12 |    14 |     5 |       |       ||    32
       Touch             |       |       |       |     1 |     4 |     2 |     1 |     1 |       ||     9
       Spear             |       |       |       |       |       |       |       |     3 |    30 ||    33
 Cast: Freeze            |    53 |    51 |    20 |    95 |    37 |     1 |       |       |       ||   257
       Frozen Ramparts   |     4 |    14 |    43 |    79 |    58 |    67 |     4 |     7 |       ||   276
       Ozocubu's Armour  |       |     2 |    14 |    27 |    23 |    17 |       |     4 |       ||    87
       Shock             |       |    51 |   230 |   397 |   114 |     2 |       |       |       ||   794
       Hailstorm         |       |       |       |    37 |    46 |    10 |       |       |     8 ||   101
       Airstrike         |       |       |       |    49 |   633 |   486 |    64 |     9 |       ||  1241
       Stone Arrow       |       |       |       |    38 |    14 |       |       |       |       ||    52
       Irradiate         |       |       |       |       |    69 |    91 |   101 |    98 |    62 ||   421
       Starburst         |       |       |       |       |     3 |    84 |   146 |    20 |     3 ||   256
       Ignition          |       |       |       |       |       |    62 |   205 |   298 |   157 ||   722
       Swiftness         |       |       |       |       |       |     1 |       |     1 |       ||     2
       Iron Shot         |       |       |       |       |       |       |     9 |   288 |    67 ||   364
       Lehudib's Crystal |       |       |       |       |       |       |       |       |   371 ||   371
       Fire Storm        |       |       |       |       |       |       |       |       |    59 ||    59
       Shatter           |       |       |       |       |       |       |       |       |     4 ||     4
Invok: Channel Magic     |       |       |       |       |       |     3 |       |       |       ||     3
       Divine Exegesis   |       |       |       |       |       |       |       |       |     4 ||     4
Evoke: Wand              |       |       |       |       |       |       |       |       |     3 ||     3
  Use: Scroll            |       |     2 |     9 |     3 |    17 |     4 |     7 |     8 |    17 ||    67
       Potion            |       |       |       |     1 |     2 |     2 |     1 |     1 |    30 ||    37
 Stab: Sleeping          |     1 |     2 |       |       |       |       |       |       |       ||     3
Armor: Robe              |     7 |    41 |    55 |    90 |    70 |    54 |    21 |    42 |    47 ||   427
Dodge: Dodged            |    48 |    99 |    93 |   181 |   194 |   183 |    93 |   113 |   163 ||  1167
       Repelled          |       |       |       |     1 |     5 |     6 |     5 |    16 |    12 ||    45
Block: Kite shield       |       |       |       |       |       |       |       |    70 |   163 ||   233
